AoeStats
← CNZS_98T

Arena

510318584Analyzed
4v4 RM · 15h ago on Sep 30, 2026· 36m 3s· 8 players
Game mode
Random Map
Map size
Large (8 player)
Population
200
Speed
Normal
Resources
Standard
Victory
Conquest
Starting age
Dark Age
Ending age
Imperial Age
RankedLock teamsTeams togetherTeam positionsShared explorationLock speedFull tech treeHidden civsTurbo modeCheats
Victory
Defeat
🇳🇱 Khitans · Netherlands
1989
+4
🇨🇳 Bulgarians · China
1767
+11
🇵🇱 Cumans · Poland
1587
+17
🇳🇴 Bohemians · Norway
1561
+18
🇮🇹 Lithuanians · Italy
1692
-15
🇪🇸 Japanese · Spain
1660
-13
🇨🇳 Chinese · China
1638
-12
🇳🇱 Berbers · Netherlands
1580
-10
Josu Stark
10:04 Feudal Age
10:54 Double-Bit Axe
10:49 Horse Collar
16:05 Castle Age
17:13 Bow Saw
17:34 Heavy Plow
18:40 Wheelbarrow
22:01 Gold Mining
22:02 Stone Mining
23:00 Loom
23:35 Hand Cart
25:26 Town Watch
30:30 Imperial Age
28:02 Fletching
28:23 Bloodlines
28:14 Husbandry
29:17 Gold Shaft Mining
28:58 Thumb Ring
28:54 Bodkin Arrow
29:46 Padded Archer Armor
30:28 Ballistics
30:55 Leather Archer Armor
31:09 Scale Mail Armor
31:40 Parthian Tactics
30:35 Heavy Cavalry Archer
31:49 Squires
31:09 Pikeman
31:34 Arson
31:52 Bracer
MLT | 12castori
11:58 Feudal Age
12:51 Double-Bit Axe
15:25 Castle Age
13:14 Horse Collar
16:23 Bow Saw
16:07 Light Cavalry
19:26 Wheelbarrow
19:55 Town Watch
20:42 Forging
21:23 Hand Cart
21:41 Bloodlines
21:49 Husbandry
23:42 Iron Casting
24:12 Gold Mining
25:21 Scale Barding Armor
25:21 Loom
25:51 Hand Cart
27:49 Chain Barding Armor
28:57 Stone Mining
35:08 Imperial Age
34:31 Padded Archer Armor
34:21 Fletching
35:28 Bodkin Arrow
36:38 Plate Barding Armor
35:24 Cavalier
胖子事情多
12:07 Feudal Age
13:22 Double-Bit Axe
15:52 Castle Age
14:44 Fletching
14:47 Horse Collar
16:25 Loom
27:58 Imperial Age
27:37 Bodkin Arrow
29:28 Bracer
Mandrake
11:18 Feudal Age
12:55 Double-Bit Axe
15:14 Castle Age
13:08 Horse Collar
14:07 Gold Mining
16:18 Bow Saw
16:00 Fletching
18:23 Bodkin Arrow
25:45 Loom
28:30 Imperial Age
28:26 Ballistics
30:35 Chemistry
30:02 Bracer
30:51 Husbandry
31:01 Bloodlines
36:17 Padded Archer Armor
Arzach
10:07 Feudal Age
13:59 Castle Age
12:08 Double-Bit Axe
15:42 Sanctity
17:01 Redemption
20:49 Fervor
22:13 Horse Collar
26:16 Wheelbarrow
34:36 Imperial Age
31:58 Loom
32:28 Crossbowman
33:11 Fletching
34:11 Bodkin Arrow
34:17 Padded Archer Armor
33:52 Elite Skirmisher
35:41 Chemistry
35:24 Ballistics
35:41 Ballistics
35:20 Arbalester
ForeveR
9:13 Feudal Age
10:04 Double-Bit Axe
10:11 Horse Collar
15:36 Wheelbarrow
19:36 Castle Age
19:48 Forging
19:37 Light Cavalry
20:40 Bow Saw
22:47 Loom
23:39 Bloodlines
24:07 Hand Cart
27:09 Imperial Age
25:59 Scale Barding Armor
27:07 Chain Barding Armor
26:37 Capped Ram
27:17 Elite Steppe Lancer
29:21 Plate Barding Armor
33:12 Iron Casting
32:52 Heavy Plow
34:31 Blast Furnace
33:32 Scale Mail Armor
32:54 Pikeman
33:34 Squires
33:20 Arson
33:37 Halberdier
34:05 Arson
35:40 Chain Mail Armor
ique大爷
11:06 Feudal Age
11:48 Double-Bit Axe
15:04 Castle Age
13:26 Horse Collar
15:06 Light Cavalry
19:42 Loom
24:07 Wheelbarrow
25:42 Heavy Plow
26:03 Hand Cart
25:35 Town Watch
26:18 Gold Mining
32:04 Imperial Age
29:47 Scale Barding Armor
29:53 Forging
29:43 Stone Mining
30:32 Gold Shaft Mining
32:23 Stone Shaft Mining
31:47 Stirrups
33:29 Chain Barding Armor
33:45 Iron Casting
34:19 Crop Rotation
34:00 Bow Saw
34:46 Plate Barding Armor
34:40 Bloodlines
34:30 Husbandry
35:28 Conscription
34:29 Elite Konnik
36:56 Blast Furnace
35:47 Fletching
CNZS_98T
10:00 Feudal Age
14:04 Castle Age
12:41 Double-Bit Axe
12:55 Domestication
15:10 Bow Saw
15:09 Pastoralism
19:35 Wheelbarrow
20:33 Hand Cart
21:54 Gold Mining
23:52 Loom
27:08 Imperial Age
25:10 Husbandry
25:23 Scale Barding Armor
25:05 Town Watch
26:21 Chain Barding Armor
26:12 Forging
27:46 Iron Casting
27:11 Elite Steppe Lancer
28:14 Stone Mining
29:01 Conscription
29:22 Plate Barding Armor
31:27 Ordo Cavalry
31:33 Fletching
32:28 Ballistics
32:05 Bodkin Arrow
32:49 Bracer
33:58 Chemistry
36:22 Two-Man Saw
35:53 Transhumance
Connection lost

Rejoining the realm…

Still unreachable

The connection could not be restored.

Session expired

The server has moved on; the page needs a fresh start.